 Dungeon Crawl Stone Soup version 0.19-a0-26-gae82a2b (webtiles) character file.

65454 Bzz the Thaumaturge (level 15, 0/89 HPs)
             Began as a Gargoyle Earth Elementalist on May 1, 2016.
             Was a High Priest of Vehumet.
             Slain by a death yak (3 damage)
             ... on level 6 of the Lair of Beasts.
             The game lasted 02:14:33 (30529 turns).

Bzz the Thaumaturge (Gargoyle Earth Elementalist)  Turns: 30529, Time: 02:14:33

Health: 0/89       AC: 25    Str: 13    XL:     15   Next: 16%
Magic:  6/31       EV: 14    Int: 21    God:    Vehumet [*****.]
Gold:   1151       SH:  0    Dex: 10    Spells: 9 memorised, 2 levels left

rFire  . . .     SeeInvis .     N - +1 great mace (protect)
rCold  . . .     Gourm    .     x - +2 robe {Archmagi}
rNeg   + . .     Faith    .     (shield currently unavailable)
rPois  ∞         Spirit   .     (no helmet)
rElec  +         Dismiss  .     (no cloak)
rCorr  .         Reflect  .     (no gloves)
SustAt .         Harm     .     p - +0 pair of boots
MR     ++...                    D - amulet of magic regeneration
Stlth  +++.......               r - ring "Yppuopn" {Wiz MR+ Stlth+}
                                h - +3 ring of protection

@: flying, very resistant to hostile enchantments, fairly stealthy
A: big wings, negative energy resistance 1, electricity resistance, unbreathing,
petrification resistance, rot immunity, AC +11
a: Stop Flying, Renounce Religion


You were on level 6 of the Lair of Beasts.
You worshipped Vehumet.
Vehumet was extremely pleased with you.
You were near starving.

You visited 3 branches of the dungeon, and saw 19 of its levels.
You also visited: Ossuary.

You collected 1151 gold pieces.

Inventory:

Hand Weapons
 a - a +4 spear
 k - a +6 whip
 w - a +1 long sword of venom
 y - a +0 flail of crushing
 N - a +1 great mace of protection (weapon)
Missiles
 b - 328 stones (quivered)
Armour
 p - a +0 pair of boots (worn)
 x - a +2 robe of the Archmagi (worn)
Magical Staves
 T - an uncursed staff of wizardry
Jewellery
 h - a +3 ring of protection (left hand)
 r - the ring "Yppuopn" (right hand) {Wiz MR+ Stlth+}
   (You took it off an orc on level 5 of the Dungeon)

   [ring of wizardry]

   It improves your spell success rate.
   It affects your resistance to hostile enchantments.
   It makes you more stealthy.
 v - an uncursed ring of fire
 D - an amulet of magic regeneration (around neck)
 K - an uncursed ring of ice {unknown}
 M - an uncursed ring of stealth
Wands
 e - a wand of digging (17/24)
 g - a wand of lightning (0/15)
 u - a wand of paralysis (9/24)
 J - a wand of polymorph (15/24)
 R - a wand of slowing (29/48)
 V - a wand of digging (8/24)
Scrolls
 f - a scroll of silence
 n - 6 scrolls of remove curse
 q - 2 scrolls of recharging
 t - 4 scrolls of teleportation
 B - a scroll of amnesia
 G - 4 scrolls of magic mapping
Potions
 l - 9 potions of curing
 o - 2 potions of might
 s - a potion of agility
 A - a potion of haste
 C - 2 potions of cancellation
 I - a potion of brilliance
 P - a potion of ambrosia
Books
 c - a book of Geomancy

   Spells                             Type                      Level
   a - Sandblast                      Earth                        1
   b - Passwall                       Transmutation/Earth          2
   c - Stone Arrow                    Conjuration/Earth            3
   d - Petrify                        Transmutation/Earth          4
   e - Lee's Rapid Deconstruction     Earth                        5
 E - a book of Alchemy

   Spells                             Type                      Level
   a - Sublimation of Blood           Necromancy                   2
   b - Ignite Poison                  Fire/Transmutation/Poison    3
   c - Petrify                        Transmutation/Earth          4
   d - Alistair's Intoxication        Transmutation/Poison         5
   e - Irradiate                      Conjuration/Transmutation    5
 F - a book of Misfortune

   Spells                             Type                      Level
   a - Confusing Touch                Hexes                        2
   b - Confuse                        Hexes                        3
   c - Gell's Gravitas                Hexes/Translocation          3
   d - Petrify                        Transmutation/Earth          4
   e - Metabolic Englaciation         Hexes/Ice                    5
   f - Yara's Violent Unravelling     Hexes/Transmutation          5
 H - a Young Poisoner's Handbook

   Spells                             Type                      Level
   a - Sting                          Conjuration/Poison           1
   b - Cure Poison                    Poison                       2
   c - Mephitic Cloud                 Conjuration/Poison/Air       3
   d - Olgreb's Toxic Radiance        Poison                       4
   e - Venom Bolt                     Conjuration/Poison           5
 L - a book of Fire

   Spells                             Type                      Level
   a - Ignite Poison                  Fire/Transmutation/Poison    3
   b - Fireball                       Conjuration/Fire             5
   c - Bolt of Fire                   Conjuration/Fire             6
   d - Delayed Fireball               Conjuration/Fire             7
   e - Ring of Flames                 Charms/Fire                  7
Miscellaneous
 i - a sack of spiders {used: 1}
 O - a lamp of fire
 Q - a box of beasts {used: 1}
Comestibles
 d - 10 bread rations
 j - 3 beef jerkies
 m - 7 meat rations
 z - 22 royal jellies
 S - 3 chunks of flesh


   Skills:
 + Level 8.7 Fighting
 + Level 7.4 Maces & Flails
 + Level 8.3 Armour
 + Level 7.0 Dodging
 - Level 2.1 Stealth
 * Level 12.9 Spellcasting
 + Level 10.5 Conjurations
   Level 0.7 Transmutations
 * Level 9.8 Fire Magic
 + Level 11.6 Earth Magic


You had 2 spell levels left.
You knew the following spells:

 Your Spells              Type           Power        Failure   Level  Hunger
a - Sandblast             Erth           ######       1%          1    None
b - Stone Arrow           Conj/Erth      ######       1%          3    None
c - Lee's Rapid Deconstr  Erth           #######...   1%          5    ####...
d - Bolt of Magma         Conj/Fire/Erth ######....   1%          5    ####...
e - Mephitic Cloud        Conj/Pois/Air  #####...     1%          3    None
f - Venom Bolt            Conj/Pois      ######....   2%          5    ####...
g - Throw Icicle          Conj/Ice       ######..     1%          4    None
h - Fireball              Conj/Fire      ######....   1%          5    ####...
i - Poison Arrow          Conj/Pois      ######....   21%         6    #####..


Dungeon Overview and Level Annotations

Branches:
Dungeon (10/15)            Temple (1/1) D:5            Lair (8/8) D:10
 Shoals (0/4) Lair:5        Snake (0/4) Lair:3
  Slime: Lair:6-8       Orc: D:9-12

Altars:
Ashenzari
Cheibriados
Dithmenos
Elyvilon
Fedhas
Gozag
Kikubaaqudgha
Makhleb
Nemelex Xobeh
Okawaru
Pakellas
Qazlal
Ru
Sif Muna
Trog
Vehumet
Xom
Yredelemnul
Zin
The Shining One

Shops:
D:6 ?[*=   D:7 [   D:8 }


Innate Abilities, Weirdness & Mutations

You are resistant to torment.
Your stone body is resilient (AC +11).
You are immune to poison.
Your large and strong wings let you fly indefinitely.
You resist negative energy.
You are resistant to electric shocks.
You can survive without breathing.
You are immune to petrification.
You are immune to rotting.


Message History

The death yak gores you but does no damage.
The death yak gores you!
You barely miss the death yak.
The death yak is severely wounded.
The death yak gores you.
You barely miss the death yak.
The death yak is severely wounded.
The death yak gores you!
* * * LOW HITPOINT WARNING * * *
You sock the death yak!
The death yak is almost dead.
The death yak closely misses you. The death yak gores you!!
* * * LOW HITPOINT WARNING * * *
You hit the death yak but do no damage.
The death yak is almost dead.
The death yak gores you but does no damage.
You barely miss the death yak.
The death yak is almost dead.
The death yak gores you.
You die...

P.P...........##......P....##....
P....................#....##P....
...................##.#..##P.....
............PP.......#.#..#.....<
............................§≈≈≈≈
(...........................≈≈≈#§
......................P.....≈≈##≈
........P.............#.....§§#≈≈
.........P.....Y@.......#...≈≈≈≈≈
.............#.##..#.............
.............###.................
.............# ####...........#P.
.............## #..........P≈≈≈
..............# ##.........≈≈≈≈
........P....## #...........≈.#
.........##### #..............
##.##.#### ##..##...#.....


You could see a death yak.

Vanquished Creatures
  Rupert (Lair:3)
  4 hydras
  2 catoblepae (Lair:8)
  9 death yaks (Lair:8)
  A queen ant (Lair:1)
  Urug (Lair:2)
  A fire crab (Lair:7)
  Sonja (Lair:2)
  2 hill giants (D:10)
  An ugly thing (D:9)
  14 elephants
  A torpor snail (Lair:7)
  6 black mambas
  15 spiny frogs
  7 rime drakes
  2 komodo dragons
  A troll (D:10)
  A queen bee (D:10)
  28 blink frogs
  2 polar bears
  A snapping turtle (Lair:5)
  Prince Ribbit (D:9)
  Sigmund (D:2)
  70 yaks
  3 fire bats (Lair:5)
  A fire elemental (Lair:3)
  A wraith (D:8)
  A basilisk (Lair:1)
  A steam dragon (Lair:5)
  Grum (Lair:1)
  12 hippogriffs
  2 nagas (Lair:3)
  21 soldier ants
  22 water moccasins
  14 porcupines
  5 orc warriors
  2 sky beasts (D:8)
  A black bear (Lair:3)
  2 wasps (D:8)
  An ice beast (D:8)
  7 ogres
  17 wolves
  The ghost of subsebi the Chopper, an amateur DsCK of Xom (D:3)
  4 centaurs
  A necrophage (D:6)
  14 crocodiles
  3 big kobolds (D:8)
  Blork the orc (D:5)
  19 giant frogs
  A wyvern zombie (D:8)
  A wyvern skeleton (D:7)
  2 scorpions (D:4)
  25 killer bees (D:10)
  5 wights (D:8)
  2 howler monkeys
  3 electric eels
  2 crimson imps (D:6)
  A lava snake (Lair:3)
  A quasit (D:8)
  A centaur zombie (D:10)
  3 jellies
  7 orc priests
  A centaur skeleton (D:5)
  8 hounds
  9 iguanas
  12 orc wizards
  26 worker ants
  2 hell rats (Lair:5)
  44 sheep
  A big kobold zombie (Ossuary)
  2 hound skeletons
  4 mummies (Ossuary)
  2 howler monkey zombies
  A worker ant zombie (D:5)
  12 adders
  A howler monkey skeleton (D:7)
  35 river rats
  An adder skeleton (D:5)
  4 adder zombies
  3 worms
  3 dart slugs
  5 giant geckos
  31 orcs
  7 giant cockroaches
  10 goblins
  6 hobgoblins
  6 jackals
  5 quokkas
  2 ball pythons
  6 bats
  A giant gecko skeleton (D:4)
  5 giant newts
  2 gnoll zombies (Ossuary)
  2 goblin zombies (Ossuary)
  2 jackal zombies (Ossuary)
  17 kobolds
  2 orc zombies (Ossuary)
  10 rats
  3 rat zombies (Ossuary)
  A bush (D:1)
  3 fungi
681 creatures vanquished.

Vanquished Creatures (others)
  A hobgoblin (D:3)
  26 fungi
  16 plants
43 creatures vanquished.

Grand Total: 724 creatures vanquished

Notes
Turn   | Place    | Note
--------------------------------------------------------------
     0 | D:1      | Bzz the Gargoyle Earth Elementalist began the quest for the Orb.
     0 | D:1      | Reached XP level 1. HP: 10/10 MP: 3/3
   476 | D:1      | Found a snail-covered altar of Cheibriados.
   586 | D:1      | Reached XP level 2. HP: 15/15 MP: 3/5
  1260 | D:2      | Reached skill level 3 in Spellcasting
  1260 | D:2      | Reached XP level 3. HP: 16/19 MP: 1/7
  1278 | D:2      | Learned a level 3 spell: Stone Arrow
  1890 | D:2      | Found a shattered altar of Ashenzari.
  1894 | D:2      | Saw a vision of the Shoals and the Snake Pit.
  1894 | D:2      | Noticed a salamander
  1894 | D:2      | Noticed a merfolk
  1894 | D:2      | Noticed a merfolk
  1894 | D:2      | Noticed a naga
  1894 | D:2      | Noticed a hippogriff
  1894 | D:2      | Noticed a merfolk
  1894 | D:2      | Noticed an anaconda
  1894 | D:2      | Noticed a merfolk
  1894 | D:2      | Noticed a naga sharpshooter
  1894 | D:2      | Noticed a merfolk
  1894 | D:2      | Noticed a centaur
  1894 | D:2      | Noticed a centaur
  1895 | D:2      | Noticed a naga sharpshooter
  1896 | D:2      | Noticed a naga
  1926 | D:2      | Noticed Sigmund
  1940 | D:2      | Killed Sigmund
  1940 | D:2      | Reached skill level 4 in Spellcasting
  1940 | D:2      | Reached XP level 4. HP: 14/24 MP: 0/10
  1940 | D:2      | Reached XP level 5. HP: 17/28 MP: 0/11
  2227 | D:2      | Learned a level 5 spell: Lee's Rapid Deconstruction
  2261 | D:2      | Reached skill level 5 in Earth Magic
  2268 | D:2      | Reached XP level 6. HP: 31/32 MP: 12/12
  2781 | D:3      | Noticed subsebi's ghost (amateur DsCK)
  2835 | D:3      | Killed subsebi's ghost
  3212 | D:3      | Found a radiant altar of Vehumet.
  3246 | D:3      | Became a worshipper of Vehumet
  3902 | D:4      | Reached skill level 5 in Spellcasting
  4015 | D:4      | Reached XP level 7. HP: 36/36 MP: 10/14
  4401 | D:4      | Found a sacrificial altar of Ru.
  4861 | D:5      | Entered Level 5 of the Dungeon
  5068 | D:5      | Noticed Blork the orc
  5076 | D:5      | Killed Blork the orc
  5076 | D:5      | Reached skill level 6 in Spellcasting
  5162 | D:5      | Found a sand-covered staircase.
  5163 | D:5      | Got a vibrating marble ring
  5166 | D:5      | Identified the ring "Yppuopn" {Wiz MR+ Stlth+} (You took it off an orc on level 5 of the Dungeon)
  5197 | Ossuary  | Entered an ossuary
  5203 | Ossuary  | Reached * piety under Vehumet
  5203 | Ossuary  | Offered knowledge of Freeze by Vehumet.
  5441 | Ossuary  | Reached XP level 8. HP: 24/41 MP: 13/17
  6113 | D:5      | Found a staircase to the Ecumenical Temple.
  6123 | Temple   | Entered the Ecumenical Temple
  6757 | D:5      | Offered knowledge of Throw Frost by Vehumet.
  7319 | D:6      | Found Asiapsa's Magic Scroll Shop.
  7414 | D:6      | Reached ** piety under Vehumet
  7414 | D:6      | Reached skill level 7 in Spellcasting
  7414 | D:6      | Reached skill level 5 in Conjurations
  7864 | D:6      | Found Coichoob's Assorted Antiques.
  7946 | D:6      | Reached XP level 9. HP: 45/45 MP: 18/20
  8078 | D:6      | Found an oddly glowing altar of Pakellas.
  8403 | D:6      | Reached skill level 8 in Spellcasting
  8854 | D:6      | Found Taezuq's Jewellery Shop.
  8991 | D:6      | Found a basalt altar of Yredelemnul.
  9109 | D:6      | Found a bloodstained altar of Trog.
  9366 | D:6      | Found a sparkling altar of Nemelex Xobeh.
  9671 | D:6      | Found Zopsua Haufu's Armour Shoppe.
  9713 | D:7      | Found Baicey Ikag's Antique Armour Boutique.
  9768 | D:7      | Reached skill level 1 in Armour
  9977 | D:7      | Reached skill level 1 in Fighting
 10345 | D:7      | Found a white marble altar of Elyvilon.
 10974 | D:7      | Found a blossoming altar of Fedhas.
 11063 | D:8      | Reached skill level 1 in Maces & Flails
 11138 | D:8      | Noticed a four-headed hydra
 11149 | D:8      | Killed a four-headed hydra
 11149 | D:8      | Reached skill level 9 in Spellcasting
 11149 | D:8      | Reached XP level 10. HP: 23/54 MP: 4/23
 11591 | D:8      | Found an opulent altar of Gozag.
 11765 | D:8      | Offered knowledge of Ignite Poison by Vehumet.
 12011 | D:8      | Found a bloodstained altar of Trog.
 12038 | D:8      | Reached *** piety under Vehumet
 12246 | D:8      | Found Alintaho's Gadget Emporium.
 13276 | D:8      | Learned a level 3 spell: Ignite Poison
 13395 | D:8      | Offered knowledge of Mephitic Cloud by Vehumet.
 13791 | D:9      | Learned a level 3 spell: Mephitic Cloud
 13968 | D:9      | Noticed Prince Ribbit
 13997 | D:9      | Killed Prince Ribbit
 13997 | D:9      | Reached skill level 1 in Fire Magic
 14007 | D:9      | Noticed a white ugly thing
 14020 | D:9      | Killed a white ugly thing
 14719 | D:10     | Entered Level 10 of the Dungeon
 14992 | D:10     | Noticed a hill giant
 15000 | D:10     | Killed a hill giant
 15000 | D:10     | Reached XP level 11. HP: 60/60 MP: 17/24
 15046 | D:10     | Learned a level 5 spell: Venom Bolt
 15099 | D:10     | Reached **** piety under Vehumet
 15308 | D:10     | Noticed a hill giant
 15311 | D:10     | Killed a hill giant
 15334 | D:10     | Found a staircase to the Lair.
 15587 | D:10     | Reached skill level 10 in Spellcasting
 16134 | D:10     | Offered knowledge of Throw Icicle by Vehumet.
 16140 | D:10     | Learned a level 4 spell: Throw Icicle
 16292 | Lair:1   | Entered Level 1 of the Lair of Beasts
 16610 | Lair:1   | Reached skill level 5 in Armour
 16831 | Lair:1   | Noticed Grum
 16835 | Lair:1   | Killed Grum
 16979 | Lair:1   | Reached ***** piety under Vehumet
 17076 | Lair:1   | Offered knowledge of Fireball by Vehumet.
 17249 | Lair:1   | Learned a level 5 spell: Fireball
 17494 | Lair:1   | Noticed a queen ant
 17514 | Lair:1   | Killed a queen ant
 17514 | Lair:1   | Reached skill level 5 in Fighting
 17514 | Lair:1   | Reached XP level 12. HP: 44/68 MP: 7/26
 17548 | Lair:1   | Reached skill level 5 in Fire Magic
 18428 | Lair:2   | Noticed Urug
 18788 | Lair:2   | Killed Urug
 18964 | Lair:2   | Reached skill level 10 in Earth Magic
 19197 | Lair:1   | Reached skill level 5 in Maces & Flails
 19415 | Lair:1   | Reached skill level 5 in Dodging
 19418 | Lair:1   | Reached skill level 11 in Spellcasting
 20271 | Lair:2   | Noticed Sonja
 20278 | Lair:2   | Killed Sonja
 20689 | Lair:3   | Offered knowledge of Poison Arrow by Vehumet.
 21158 | Lair:3   | Found a staircase to the Snake Pit.
 21320 | Lair:3   | Reached XP level 13. HP: 74/74 MP: 21/28
 21323 | Lair:3   | Noticed Rupert
 21341 | Lair:3   | Killed Rupert
 22904 | Lair:4   | Learned a level 6 spell: Poison Arrow
 24261 | Lair:5   | Found a staircase to the Shoals.
 24316 | Lair:5   | Reached skill level 12 in Spellcasting
 24480 | Lair:5   | Gained mutation: Your large and strong wings let you fly indefinitely. [Gargoyle growth]
 24480 | Lair:5   | Reached XP level 14. HP: 63/82 MP: 9/30
 24861 | Lair:5   | Offered knowledge of Bolt of Cold by Vehumet.
 28234 | Lair:7   | Reached skill level 10 in Conjurations
 28784 | Lair:8   | Entered Level 8 of the Lair of Beasts
 28796 | Lair:8   | Offered knowledge of Bolt of Magma by Vehumet.
 28825 | Lair:8   | Learned a level 5 spell: Bolt of Magma
 30338 | Lair:8   | Reached XP level 15. HP: 77/89 MP: 5/31
 30527 | Lair:6   | HP: 3/89 [death yak (19)]
 30529 | Lair:6   | Slain by a death yak

Vault maps used:
D:1:      dpeg_arrival_windows_large_door, minmay_hedge_maze,
          cheibriados_altar_1
D:2:      grunt_ashenzari_visionary, uniq_sigmund
D:3:      fiery_altar_vehumet
D:4:      nicolae_ru_awakened_eye
D:5:      minmay_temple_entry_junction2, first_bread, enter_ossuary_5,
          uniq_blork_the_orc
D:6:      lemuel_doored_altar, kennysheep_little_box, marbit_many_paths,
          serial_shops, nicolae_shop_temple_entry_statues_fountains, shop,
          nicolae_shop_crystal, shop, nemelex_xobeh_ov_fountains_minmay
D:7:      lemuel_upstairs_altar, nicolae_overflow_crystal_walls,
          lemuel_crystal_altar, serial_shops, shop
D:8:      grunt_gozag_statues, serial_shops, shop, enter_bailey_3,
          hangedman_pestilent_swarm, hangedman_decor_opposing,
          minmay_misc_feat_roman, bloody_trog
D:9:      uniq_prince_ribbit1
D:10:     lair_0_dummy
Temple:   circular_temple_12
Lair:1:   special_room, minivault_29, serial_bayou_shore_a, lemuel_fruit_tree,
          uniq_grum
Lair:2:   portal_ice_cave_entry_pillars_02, uniq_sonja, uniq_urug
Lair:3:   guppyfry_snake_entry_island, uniq_rupert
Lair:4:   bh_chokoban, grunt_megastairs_1
Lair:5:   kennysheep_rathole, minmay_shoals_entry_hut,
          nicolae_volcano_entry_batcave, serial_bayou_pond_b, grunt_megastairs_4
Lair:6:   infiniplex_staircase_pool
Lair:8:   evilmike_catoblepas_cave, slime_altar_1
Ossuary:  ossuary_minmay_tomb_2a

Skill      XL: |  1  2  3  4  5  6  7  8  9 10 11 12 13 14 15 |
---------------+----------------------------------------------+-----
Spellcasting   | 3 4 5 6 7 9 10 11 12 | 12.9
Earth Magic    | 4 5 6 7 8 9 10 11 | 11.6
Conjurations   | 2 3 4 5 6 7 8 9 10 | 10.5
Armour         | 2 4 5 6 7 8 |  8.3
Fighting       | 2 3 5 7 8 |  8.7
Dodging        | 2 3 4 5 6 7 |  7.0
Maces & Flails | 2 3 4 5 6 7 |  7.4
Fire Magic     | 2 4 6 8 9 |  9.8
Stealth        | |  2.1
Transmutations | |  0.7

Action                   |  1- 3 |  4- 6 |  7- 9 | 10-12 | 13-15 || total
-------------------------+-------+-------+-------+-------+-------++-------
Melee: Mace              |   201 |       |       |       |       ||   201
       Short sword       |    80 |   118 |       |       |       ||   198
       Whip              |       |    57 |   369 |   481 |     8 ||   915
       Great mace        |       |       |       |       |   564 ||   564
 Cast: Sandblast         |    13 |    11 |    68 |       |       ||    92
       Stone Arrow       |     2 |     4 |    59 |   326 |   220 ||   611
       Lee's Rapid Decon |       |       |       |     3 |    15 ||    18
       Venom Bolt        |       |       |       |    14 |    26 ||    40
       Fireball          |       |       |       |     5 |    60 ||    65
       Throw Icicle      |       |       |       |       |    13 ||    13
       Bolt of Magma     |       |       |       |       |     1 ||     1
       Mephitic Cloud    |       |       |       |       |     1 ||     1
       Poison Arrow      |       |       |       |       |     1 ||     1
 Abil: Fly               |       |       |       |       |     1 ||     1
Evoke: Wand              |       |       |       |     4 |       ||     4
       Box of beasts     |       |       |       |       |     1 ||     1
       Sack of spiders   |       |       |       |       |     1 ||     1
  Use: Scroll            |     4 |     6 |    11 |     9 |     4 ||    34
       Potion            |     3 |     1 |       |     6 |     5 ||    15
 Stab: Sleeping          |       |     4 |     9 |     3 |     8 ||    24
       Distracted        |       |       |     1 |       |       ||     1
       Invisible         |       |       |       |    10 |       ||    10
  Eat: Chunk             |     4 |     8 |    15 |    26 |    30 ||    83
       Fruit             |       |       |     4 |    10 |     6 ||    20
       Bread ration      |       |       |     1 |       |       ||     1
       Beef jerky        |       |       |       |     1 |     6 ||     7
       Royal jelly       |       |       |       |       |     1 ||     1
Armor: Robe              |    63 |    74 |   215 |   286 |   488 ||  1126
Dodge: Dodged            |   112 |    92 |   296 |   444 |   660 ||  1604
